 Dungeon Crawl Stone Soup version 0.23-a0-275-g0cf4261 (webtiles) character file.

839891 ass the Executioner (level 27, -4/190 HPs)
             Began as a Demonspawn Berserker on Oct 2, 2018.
             Was a High Priest of Uskayaw.
             Killed from afar by a starcursed mass (8 damage)
             ... with an accursed screaming
             ... while paralysed by accursed screaming
             ... on level 2 of the Abyss.
             The game lasted 03:07:16 (77865 turns).

ass the Executioner (Demonspawn Berserker)         Turns: 77865, Time: 03:07:17

Health: -4/190     AC: 32    Str: 24 (25) XL:     27
Magic:  10/10      EV:  2    Int: 12      God:    Uskayaw [*****.]
Gold:   4914       SH:  0    Dex: 30      Spells: 31/44 levels left

rFire    + + .     SeeInvis .   S - +9 broad axe (antimagic)
rCold    + + .     Gourm    .   a - +3 shield "Imesch" {MR+ Str+4}
rNeg     + . .     Faith    .   U - +12 gold dragon scales
rPois    +         Spirit   .   y - +1 helmet
rElec    .         Reflect  .   h - scarf {rC+ rF+}
rCorr    .         Harm     .   (gloves unavailable)
MR       +++++     Rnd*Tele +   P - +2 pair of boots {Stlth+}
Stlth    ++........             J - amulet "Sooluucs" {MR++ Regen+ Int+2 Dex+4}
HPRegen  0.00/turn              o - +5 ring of slaying
MPRegen  0.12/turn              Y - +4 ring of slaying

@: paralysed, agile, studying Maces & Flails
A: claws 3, thin skeletal structure 3, clumsy 1, deformed body, deterioration 2,
[frail 2], foul stench 2, low mp 2, negative energy resistance 1, powered by
pain 3, screaming 3, inhibited regeneration, 50% torment resistance,
teleportitis 2, weak 2, no potion heal 1, black mark, rot immunity, subdued
magic 1, MP-powered wands
}: 5/15 runes: serpentine, barnacled, slimy, silver, abyssal
a: Stomp, Line Pass, Grand Finale, Renounce Religion


You were on level 2 of the Abyss.
You worshipped Uskayaw.
Uskayaw was greatly pleased with you.
You were hungry.

You visited 11 branches of the dungeon, and saw 53 of its levels.
You visited the Abyss 9 times.
You visited 1 bazaar.
You also visited: Labyrinth, Sewer, Ossuary and Bailey.

You collected 8154 gold pieces.
You spent 3240 gold pieces at shops.

Inventory:

Hand Weapons
 m - a +9 broad axe of draining
 D - a +9 broad axe of draining
 S - a +9 antimagic broad axe (weapon)
Armour
 a - the +3 shield "Imesch" (worn) {MR+ Str+4}
   (You found it on level 7 of the Dungeon)

   It affects your strength (+4).
   It affects your resistance to hostile enchantments.
 h - a scarf of resistance (worn)
 y - a +1 helmet (worn)
 P - a +2 pair of boots of stealth (worn)
 U - +12 gold dragon scales (worn)
Jewellery
 j - the brooch of Shielding {Reflect SH+8}
   (You found it on level 4 of the Lair of Beasts)

   [amulet of reflection]

   It shields you and reflects attacks.
   It affects your SH (+8).
 o - a +5 ring of slaying (left claw)
 J - the amulet "Sooluucs" (around neck) {MR++ Regen+ Int+2 Dex+4}
   (You found it on level 14 of the Dungeon)

   [amulet of regeneration]

   It affects your intelligence (+2).
   It affects your dexterity (+4).
   It affects your resistance to hostile enchantments.
   It increases your rate of regeneration.
 N - the ring of Abstinence {rF+ EV+5}
   (You found it on level 5 of the Depths)

   [ring of evasion]

   It affects your evasion (+5).
   It protects you from fire.
 Y - a +4 ring of slaying (right claw)
Wands
 q - a wand of paralysis (27)
 G - a wand of disintegration (37)
 H - a wand of acid (23)
 R - a wand of flame (49)
 T - a wand of polymorph (11)
 V - a wand of digging (32)
 W - a wand of iceblast (50)
Scrolls
 d - 24 scrolls of remove curse
 e - 31 scrolls of teleportation
 g - 4 scrolls of fear
 r - 14 scrolls of magic mapping
 t - 6 scrolls of blinking
 v - 2 scrolls of summoning
 E - 2 scrolls of identify
 F - 2 scrolls of enchant weapon
Potions
 b - 5 potions of cancellation
 f - 5 potions of invisibility
 i - 27 potions of curing
 l - 3 potions of ambrosia
 p - 9 potions of flight
 s - 16 potions of might
 u - 9 potions of agility
 x - 7 potions of berserk rage
 A - 10 potions of lignification
 C - 16 potions of brilliance
 I - 6 potions of mutation
 L - 5 potions of resistance
 O - 3 potions of heal wounds (quivered)
 Q - 11 potions of haste
 X - a potion of magic
Books
 z - a manual of Maces & Flails
Miscellaneous
 k - a phial of floods
 n - a lightning rod (4/4)
 B - a lamp of fire
 K - 2 boxes of beasts
 Z - 2 phantom mirrors
Comestibles
 c - 86 rations


   Skills:
 + Level 24.0 Fighting
 + Level 25.9 Axes
 - Level 15.1 Armour
 - Level 12.0 Dodging
 + Level 11.1 Stealth
 - Level 15.0 Shields
 * Level 9.3 Spellcasting
 * Level 3.7 Hexes
 * Level 3.1 Charms
 * Level 3.0 Fire Magic
 * Level 23.4 Invocations
 - Level 20.0 Evocations


You had 31 spell levels left.
You knew the following spells:

 Your Spells              Type           Power        Failure   Level  Hunger
a - Invisibility          Hex            ##......     100%        6    #######
b - Ring of Flames        Chrm/Fire      ##........   100%        7    #######

Your spell library contained the following spells:

 Spells                   Type           Power        Failure   Level  Hunger
 Confusing Touch          Hex            ##....       58%         1    None
 Corona                   Hex            ##.....      58%         1    None
 Infusion                 Chrm           ##..         67%         1    None
 Slow                     Hex            ##......     73%         2    None
 Flame Tongue             Conj/Fire      #....        87%         1    None
 Confuse                  Hex            ##......     92%         3    ##.....
 Tukima's Dance           Hex            ##......     92%         3    ##.....
 Ensorcelled Hibernation  Hex/Ice        #.....       93%         2    None
 Inner Flame              Hex/Fire       ##......     94%         3    ##.....
 Shroud of Golubria       Chrm/Tloc      #.........   95%         2    None
 Swiftness                Chrm/Air       #.......     95%         2    None
 Throw Flame              Conj/Fire      #.....       95%         2    None
 Animate Skeleton         Necr           N/A          98%         1    None
 Apportation              Tloc           #.....       98%         1    None
 Magic Dart               Conj           #...         98%         1    None
 Pain                     Necr           #...         98%         1    None
 Shock                    Conj/Air       #...         98%         1    None
 Summon Butterflies       Summ           #.......     98%         1    None
 Summon Small Mammal      Summ           #...         98%         1    None
 Blink                    Tloc           N/A          99%         2    None
 Call Imp                 Summ           #.......     99%         2    None
 Corpse Rot               Necr           N/A          99%         2    None
 Passwall                 Tmut/Erth      #.......     99%         2    None
 Poisonous Vapours        Pois/Air       #.....       99%         2    None
 Sublimation of Blood     Necr           #.........   99%         2    None
 Conjure Flame            Conj/Fire      #.......     99%         3    ##.....
 Dazzling Spray           Conj/Hex       #.....       99%         3    ##.....
 Portal Projectile        Hex/Tloc       #.....       99%         3    ##.....
 Regeneration             Chrm/Necr      #.........   99%         3    ##.....
 Summon Guardian Golem    Hex/Summ       #.......     99%         3    ##.....
 Call Canine Familiar     Summ           #.......     100%        3    ##.....
 Gell's Gravitas          Tloc           #.........   100%        3    ##.....
 Ignite Poison            Fire/Tmut/Pois #.......     100%        3    ##.....
 Lesser Beckoning         Tloc           #.........   100%        3    ##.....
 Mephitic Cloud           Conj/Pois/Air  #.......     100%        3    ##.....
 Static Discharge         Conj/Air       #.......     100%        3    ##.....
 Stone Arrow              Conj/Erth      #.....       100%        3    ##.....
 Teleport Other           Tloc           #.......     100%        3    ##.....
 Vampiric Draining        Necr           #.........   100%        3    ##.....
 Airstrike                Air            #.........   100%        4    ####...
 Animate Dead             Necr           N/A          100%        4    ####...
 Cause Fear               Hex            ##........   100%        4    ####...
 Force Lance              Conj/Tloc      #.......     100%        4    ####...
 Leda's Liquefaction      Hex/Erth       #.........   100%        4    ####...
 Passage of Golubria      Tloc           N/A          100%        4    ####...
 Petrify                  Tmut/Erth      #.......     100%        4    ####...
 Sticky Flame             Conj/Fire      #.......     100%        4    ####...
 Summon Ice Beast         Ice/Summ       #.......     100%        4    ####...
 Summon Lightning Spire   Summ/Air       #.......     100%        4    ####...
 Agony                    Necr           #.......     100%        5    #####..
 Alistair's Intoxication  Tmut/Pois      #.......     100%        5    #####..
 Bolt of Draining         Conj/Necr      #.........   100%        5    #####..
 Bolt of Magma            Conj/Fire/Erth #.........   100%        5    #####..
 Borgnjor's Vile Clutch   Necr/Erth      #.........   100%        5    #####..
 Dispel Undead            Necr           #.......     100%        5    #####..
 Excruciating Wounds      Chrm/Necr      #.........   100%        5    #####..
 Fireball                 Conj/Fire      #.........   100%        5    #####..
 Irradiate                Conj/Tmut      #.........   100%        5    #####..
 Iskenderun's Battlesphe  Conj/Chrm      #.......     100%        5    #####..
 Lee's Rapid Deconstruct  Erth           #.........   100%        5    #####..
 Lightning Bolt           Conj/Air       #.........   100%        5    #####..
 Metabolic Englaciation   Hex/Ice        #.........   100%        5    #####..
 Silence                  Hex/Air        #.........   100%        5    #####..
 Summon Forest            Summ/Tloc      #.........   100%        5    #####..
 Summon Mana Viper        Hex/Summ       #.......     100%        5    #####..
 Yara's Violent Unravell  Hex/Tmut       #.........   100%        5    #####..
 Bolt of Cold             Conj/Ice       #.........   100%        6    #######
 Bolt of Fire             Conj/Fire      #.........   100%        6    #######
 Darkness                 Hex            ##........   100%        6    #######
 Deflect Missiles         Chrm/Air       #.........   100%        6    #######
 Dispersal                Tloc           #.........   100%        6    #######
 Freezing Cloud           Conj/Ice/Air   #.........   100%        6    #######
 Hydra Form               Tmut           #.........   100%        6    #######
 Iron Shot                Conj/Erth      #.........   100%        6    #######
 Shadow Creatures         Summ           N/A          100%        6    #######
 Simulacrum               Ice/Necr       #.........   100%        6    #######
 Statue Form              Tmut/Erth      #........    100%        6    #######
 Dragon Form              Tmut           #.........   100%        7    #######
 Summon Hydra             Summ           #.........   100%        7    #######
 Controlled Blink         Tloc           N/A          100%        8    #######
 Death's Door             Chrm/Necr      #.........   100%        8    #######
 Disjunction              Tloc           #.........   100%        8    #######
 Ignition                 Fire           #.........   100%        8    #######
 Shatter                  Erth           #.........   100%        9    #######
 Tornado                  Air            #.........   100%        9    #######


Dungeon Overview and Level Annotations

Branches:
Dungeon (15/15)            Temple (1/1) D:7            Lair (6/6) D:9
 Shoals (4/4) Lair:3        Snake (4/4) Lair:2        Slime (5/5) Lair:6
    Orc (2/2) D:11            Elf (3/3) Orc:2        Vaults (5/5) D:13
  Crypt (3/3) Vaults:2       Tomb (0/3) Crypt:3      Depths (5/5) D:15
    Zot (0/5) Depths:5

Altars:
Ashenzari
Cheibriados
Dithmenos
Elyvilon
Fedhas
Gozag
Hepliaklqana
Kikubaaqudgha
Makhleb
Nemelex Xobeh
Okawaru
Qazlal
Ru
Sif Muna
Trog
Uskayaw
Vehumet
Wu Jian
Xom
Yredelemnul
Zin
The Shining One
Jiyva

Shops:
D:5 !   D:6 *   D:8 *   Orc:1 =   Orc:2 (%*!   Elf:1 !   Elf:2 (   Elf:3 }=}
Shoals:3 ?   Vaults:3 %   Vaults:5 *   Crypt:2 **   Depths:1 *}[   Depths:3 [
Depths:5 =[

Portals:
Hell: Depths:1 Depths:2 Depths:3 Depths:5
Abyss: Depths:1
Pandemonium: Depths:1 Depths:3
Ziggurat: Depths:2

Annotations:
Elf:2 1 runed door
Abyss:2 1 transporter


Innate Abilities, Weirdness & Mutations

You have claws for hands.
You have an unnaturally thin skeletal structure. (Dex +6, Stealth++)
You frequently emit foul miasma when damaged in melee.
You resist negative energy. (rN+)
You are powered by pain.
You are somewhat able to resist unholy torments (1 in 2 success).
Your melee attacks may debilitate your foes.
You are immune to rotting.
You are clumsy. (Dex -2)
Armour fits poorly on your strangely shaped body.
Your body often deteriorates upon taking damage.
Your magical capacity is very low. (-20% MP)
You frequently scream uncontrollably at your foes.
You do not regenerate when monsters are visible.
You are sometimes teleported next to monsters.
You are very weak. (Str -4)
Potions are less effective at restoring your health.
Your spells are a little easier to cast, but a little less powerful.
You expend magic power (3 MP) to strengthen your wands.
[You are very frail. (-20% HP)]


Message History

The orb of energy hits the starspawn tentacle.
The starspawn tentacle is destroyed!
The tentacled starspawn bites you!!
* * * LOW HITPOINT WARNING * * *
You focus on the pain.
You feel your power returning.
The tentacled starspawn engulfs you but does no damage.
The iron imp misses your cacodemon.
The wretched star pulses with an eldritch light!
You feel frail. x2
Your cacodemon twists and deforms.
You can now merge with and destroy a victim.
A starspawn tentacle segment comes into view.
The starcursed mass engulfs your cacodemon.
The starcursed mass engulfs your cacodemon!
A starcursed mass splits.
Your cacodemon hits the starcursed mass!
The starcursed mass shudders and is absorbed by its neighbour.
The starcursed mass engulfs you but does no damage.
A cacophony of accursed wailing tears at your sanity!
You die...

#. .#. # .∩. #$
#.#### ©## ##.
##..... #..##
#§§# .#...###
..X###§§§# #
....# ## XXX.w§§#
#.#.....
..#####X3XX5### .
...#
.##.©.###@X§2§###
# #..
...#####<*XX§###
...# . ..#
###..w*§XX# #...
.. ###....###X.X#
##.###.. #....##
..# #.. .## .©..#
#} # .#.. ##..##
# #.##.# #### .#.
.# # #


You could see 11 starcursed masses, 2 tentacled starspawn, a wretched star, a
large abomination, a smoke demon, 2 starspawn tentacles, an iron imp, a friendly
cacodemon and a friendly wretched star.

Vanquished Creatures
  the Royal Jelly (Slime:5)
  7 ancient liches
  The ghost of Inihug the Bringer of Law, a veteran MiGl of Zin (Crypt:2)
  Sojobo (Depths:5)
  2 curse toes (Crypt:3)
  Saint Roka (Depths:5)
  3 profane servitors (Abyss:1)
  5 golden dragons
  18 bone dragons
  3 tentacled monstrosities (Vaults:5)
  5 hellephants
  A Hell Sentinel (Abyss:1)
  3 titans
  The ghost of garrulousMonolith the Severer, an adept DDFi of the Shining One (Shoals:1)
  A quicksilver dragon (Vaults:5)
  20 liches
  19 acid blobs
  A deep elf master archer (Elf:3)
  A deep elf blademaster (Elf:3)
  12 ancient champions
  6 storm dragons
  48 tentacled starspawn
  5 Executioners
  5 sphinxes
  4 shadow dragons
  Ilsuiw (Shoals:2)
  5 tengu reavers
  A draconian monk (Abyss:3)
  9 azure jellies (Slime:5)
  A daeva (Abyss:1)
  7 revenants
  10 fire giants
  10 deep elf sorcerers
  7 frost giants
  8 nagarajas
  A balrug (Abyss:1)
  An iron dragon (Depths:5)
  A draconian knight (Depths:5)
  Louise (Shoals:4)
  A draconian scorcher (Abyss:3)
  16 vault wardens
  An angel (Depths:2)
  6 curse skulls
  2 draconian stormcallers
  9 deep elf elementalists
  A draconian shifter (Abyss:3)
  6 cacodemons
  3 draconian annihilators
  2 war gargoyles (Vaults:5)
  31 very ugly things
  A caustic shrike zombie (Crypt:1)
  17 ironheart preservers
  2 reapers (Abyss:1)
  46 stone giants
  8 spriggan defenders
  7 ghouls
  11 vampire knights
  2 ophanim (Abyss:1)
  2 entropy weavers
  7 deep elf demonologists
  5 lorocyprocas
  5 dire elephants
  3 spark wasps (shapeshifter)
  A black draconian (Abyss:4)
  7 deep elf annihilators
  A red draconian (Abyss:2)
  2 white draconians
  A minotaur (Lab)
  A yellow draconian (Abyss:1)
  2 spark wasps (Depths:3)
  A purple draconian (Abyss:5)
  4 merfolk javelineers (Shoals:4)
  The ghost of Pihebeh the Severer, a journeyman MiFi of Makhleb (Lair:4)
  8 eidola
  6 merfolk impalers
  6 deep elf death magi
  15 ettins
  3 green deaths (Abyss:1)
  4 blizzard demons
  10 yaktaur captains
  Josephine (D:15)
  8 death oozes (Slime:5)
  9 fire dragons
  17 jiangshi
  9 ice dragons
  9 deep elf high priests
  31 vault guards
  17 ogre magi
  6 hydras
  12 great orbs of eyes
  9 rakshasas
  2 spriggan air magi
  16 naga warriors
  An anaconda (shapeshifter) (Depths:5)
  13 anacondas
  2 alligator snapping turtles (Shoals:4)
  A two-headed ogre (shapeshifter) (Abyss:1)
  9 centaur warriors
  13 deep troll shamans
  3 catoblepae
  2 merfolk avatars
  4 death knights
  60 two-headed ogres
  4 death yaks (Lair:6)
  A queen ant (shapeshifter) (Depths:3)
  9 merfolk aquamancers
  27 dancing weapons
  2 satyrs
  12 vampire magi
  11 hell hogs
  24 naga sharpshooters
  15 deep troll earth magi
  8 spriggan berserkers
  7 tengu warriors
  A shock serpent (shapeshifter) (Depths:5)
  10 shock serpents
  73 thrashing horrors
  3 sun demons
  16 deep elf knights
  3 soul eaters
  Sonja (Lair:1)
  A storm dragon skeleton (Abyss:4)
  27 skeletal warriors
  8 spriggans (Depths:3)
  A titan skeleton (Abyss:4)
  7 shadow wraiths
  14 sixfirhies
  13 spatial maelstroms
  2 fire crabs (Abyss:1)
  6 salamander mystics
  50 wretched stars
  12 sea snakes
  3 hell knights (Abyss:5)
  A death drake (shapeshifter) (Abyss:4)
  8 glowing orange brains
  14 iron trolls
  An anaconda zombie (Abyss:1)
  A deep troll (shapeshifter) (Abyss:1)
  3 golden dragon zombies
  32 deep trolls
  2 shadow demons
  A torturous demonspawn (Depths:3)
  6 unseen horrors
  6 flayed ghosts
  2 death drakes (Abyss:1)
  2 swamp dragons (shapeshifter)
  An obsidian statue (Crypt:2)
  20 phantasmal warriors
  An infernal demonspawn (Depths:3)
  20 ironbrand convokers
  A swamp dragon (Abyss:4)
  16 deep elf archers
  A kraken simulacrum (Shoals:4)
  6 wizards
  7 naga ritualists
  29 harpies
  A harpy (shapeshifter) (Vaults:3)
  17 orc knights
  Pikel (D:8)
  A fire giant zombie (Abyss:1)
  A mana viper (shapeshifter) (Abyss:1)
  6 necromancers
  An orc sorcerer (Depths:5)
  34 ugly things
  2 frost giant zombies
  10 mana vipers
  40 deep elf magi
  An iron dragon zombie (Abyss:1)
  2 stone giant zombies (Abyss:2)
  A lindwurm (Lair:6)
  2 draconians (Abyss:3)
  19 salamanders
  3 wolf spiders
  12 shining eyes
  A cyclops (shapeshifter) (Vaults:5)
  15 fauns
  A fire giant skeleton (Abyss:1)
  An elephant (shapeshifter) (Depths:1)
  24 worldbinders
  28 cyclopes
  10 merfolk sirens
  12 manticores
  A black mamba (shapeshifter) (Abyss:4)
  31 black mambas
  2 dire elephant zombies (Crypt:3)
  14 naga magi
  A toenail golem (Abyss:1)
  2 frost giant skeletons
  An ice statue (Abyss:1)
  18 vault sentinels
  11 water nymphs
  A titan simulacrum (Abyss:5)
  2 eyes of devastation
  10 guardian serpents
  A guardian serpent (shapeshifter) (D:14)
  A catoblepas zombie (Crypt:2)
  11 apocalypse crabs
  4 elephants (Lair:6)
  2 storm dragon simulacra
  40 smoke demons
  5 spiny frogs
  4 gargoyles (Lab)
  2 rust devils
  A torpor snail (shapeshifter) (Elf:1)
  13 orange demons
  3 rime drakes (shapeshifter)
  36 yaktaurs
  3 hellions
  A rime drake (Lair:2)
  4 kobold demonologists
  11 efreet
  3 dire elephant skeletons
  A yaktaur (shapeshifter) (Vaults:3)
  11 freezing wraiths
  3 tormentors
  2 tengu conjurers (Depths:3)
  4 komodo dragons
  A silent spectre (Abyss:5)
  3 demonic crawlers
  A hydra zombie (Abyss:3)
  10 hellwings
  A minotaur skeleton (Crypt:2)
  An ice devil (Abyss:1)
  42 ancient zymes
  A sea snake skeleton (Crypt:3)
  3 meliai (shapeshifter)
  A red devil (Depths:3)
  13 trolls
  3 guardian mummies (Crypt:3)
  14 merfolk
  A troll (shapeshifter) (Elf:1)
  11 polar bears
  20 blink frogs
  A jumping spider (Vaults:3)
  6 wind drakes
  13 hornets
  A wolf spider simulacrum (Abyss:1)
  A hippogriff (shapeshifter) (Vaults:2)
  106 raiju
  136 slime creatures
  2 fire dragon zombies
  A sphinx simulacrum (Vaults:1)
  12 snapping turtles
  22 dream sheep
  12 hippogriffs
  A stone giant simulacrum (Vaults:3)
  2 ettin zombies
  An ettin skeleton (Crypt:3)
  12 flying skulls
  4 redbacks
  2 redbacks (shapeshifter) (Vaults:5)
  A spriggan (shapeshifter) (Depths:1)
  10 shadows
  A tarantella (Vaults:3)
  24 water elementals
  146 starcursed masses
  4 wyverns
  A vampire (D:14)
  4 air elementals
  31 ynoxinuls
  A dire elephant simulacrum (Abyss:1)
  30 yaks
  4 golden eyes (Slime:5)
  19 wraiths
  Eustachio (D:6)
  44 chaos spawn
  5 fire elementals
  A basilisk (shapeshifter) (D:15)
  5 basilisks
  A human (shapeshifter) (Vaults:1)
  A hog (shapeshifter) (D:14)
  4 hungry ghosts
  A wind drake skeleton (Crypt:2)
  5 vampire mosquitoes
  28 neqoxecs
  21 fire bats
  14 spatial vortices
  A harpy simulacrum (D:13)
  3 wargs
  14 insubstantial wisps
  A warg (shapeshifter) (D:15)
  60 nagas
  121 small abominations
  5 acid dragons
  7 porcupines
  16 water moccasins
  2 floating eyes (shapeshifter)
  4 floating eyes
  10 hell hounds
  128 large abominations
  Purgy (Sewer)
  A swamp dragon zombie (Crypt:3)
  7 ice beasts
  32 orc warriors
  5 sky beasts
  A slave (D:8)
  4 necrophages
  10 black bears
  4 phantoms
  An ice dragon simulacrum (Abyss:5)
  A snapping turtle zombie (Crypt:3)
  8 boggarts
  A tengu (shapeshifter) (Vaults:5)
  7 eyes of draining
  15 wolves
  58 ogres
  11 crocodiles
  A human skeleton (Vaults:3)
  A swamp dragon skeleton (Crypt:3)
  18 centaurs
  A manticore skeleton (Abyss:1)
  4 big kobolds
  Blork the orc (D:5)
  18 bullfrogs
  2 gnoll sergeants
  A hippogriff skeleton (Crypt:1)
  A merfolk simulacrum (Abyss:1)
  5 earth elementals
  A glowing shapeshifter simulacrum (Vaults:3)
  A draconian skeleton (Crypt:3)
  5 water moccasin zombies (Ossuary)
  5 scorpions
  A water moccasin skeleton (Crypt:1)
  9 killer bees
  A human simulacrum (Vaults:3)
  A warg skeleton (Crypt:1)
  14 wights
  3 spriggan skeletons
  2 howler monkeys
  A wolf zombie (Crypt:3)
  2 electric eels (D:15)
  19 crimson imps
  6 centaur zombies
  17 quasits
  A bullfrog zombie (D:10)
  8 hounds
  10 jellies
  23 orc priests
  3 bullfrog skeletons
  7 centaur skeletons
  12 iron imps
  3 iguanas
  Jessica (D:2)
  11 worker ants
  16 orc wizards
  Ijyb (D:4)
  A big kobold zombie (Ossuary)
  A dwarf zombie (Crypt:3)
  A deep dwarf zombie (Crypt:1)
  An ogre skeleton (Lab)
  A dwarf skeleton (Crypt:2)
  A hound zombie (D:10)
  A hound skeleton (Crypt:2)
  2 mummies (Ossuary)
  A worker ant zombie (D:10)
  8 adders
  A howler monkey skeleton (D:9)
  A river rat (shapeshifter) (Depths:3)
  10 gnolls
  A river rat (D:3)
  6 shadow imps
  18 white imps
  24 ufetubi
  7 oozes
  An ooze (shapeshifter) (D:15)
  A halfling zombie (Crypt:1)
  2 adder skeletons
  4 adder zombies
  A lava snake skeleton (Crypt:1)
  8 worms
  A dart slug (D:1)
  7 leopard geckos
  99 orcs
  5 giant cockroaches
  3 gnoll zombies (Ossuary)
  6 goblins
  8 hobgoblins
  4 jackals (D:9)
  24 kobolds
  7 quokkas
  2 river rat zombies (Crypt:3)
  4 ball pythons
  7 bats
  8 frilled lizards
  A frilled lizard zombie (Crypt:3)
  A giant cockroach zombie (D:5)
  A goblin zombie (Crypt:2)
  9 hobgoblin zombies (Ossuary)
  A kobold skeleton (Abyss:4)
  3 kobold zombies (Ossuary)
  A leopard gecko zombie (D:6)
  2 orc zombies (Ossuary)
  A quokka zombie (D:8)
  10 rats
  A spectral orc (D:2)
  5 bushes (Abyss:5)
  3 crawling corpses (Elf:3)
  9 demonic plants (Abyss:5)
  3 fungi
  9 lurking horrors
  29 plants
  51 starspawn tentacles
  A withered plant (Shoals:2)
3889 creatures vanquished.

Vanquished Creatures (collateral kills)
  A tentacled monstrosity (Vaults:5)
  A tengu reaver (Vaults:5)
  An entropy weaver (Vaults:5)
  An ogre mage (Orc:2)
  A vault guard (Vaults:5)
  A two-headed ogre (Orc:2)
  A mana viper (shapeshifter) (Vaults:5)
  An alligator snapping turtle skeleton (Crypt:1)
  A water elemental (Shoals:4)
  6 orc warriors (Bailey)
  2 ogres (Orc:2)
  A centaur (D:13)
  An ooze (D:3)
  6 orcs (Bailey)
  A starspawn tentacle (Abyss:2)
26 creatures vanquished.

Vanquished Creatures (others)
  A stone giant (Depths:1)
  An ettin (Vaults:3)
  5 yaktaur captains
  A satyr (Shoals:4)
  2 two-headed ogres (Orc:2)
  A thrashing horror (Abyss:5)
  A deep elf knight (Vaults:2)
  A sea snake (shapeshifter) (Abyss:3)
  A swamp dragon (Abyss:1)
  An orc knight (D:15)
  A harpy (Shoals:4)
  An elephant (shapeshifter) (Vaults:2)
  3 fauns (Shoals:4)
  9 yaktaurs
  2 orc warriors
  A raiju (Abyss:5)
  2 centaurs (D:13)
  A large abomination (Abyss:5)
  3 slaves (D:8)
  2 ogres
  A starcursed mass (Abyss:1)
  A boggart (Abyss:1)
  An ufetubus (Abyss:1)
  2 orcs
  A quokka (D:14)
  A bush (Abyss:5)
  3 fungi (Lair:6)
  9 lurking horrors
  33 plants
  77 starspawn tentacles
  3 tentacles (Shoals:4)
172 creatures vanquished.

Grand Total: 4087 creatures vanquished

Notes
Turn   | Place    | Note
-------+----------+-------------------------------------------
     0 | D:1      | ass the Demonspawn Berserker began the quest for the Orb.
     0 | D:1      | Reached XP level 1. HP: 18/18 MP: 1/1
   124 | D:1      | Reached skill level 3 in Axes
   124 | D:1      | Gained mutation: You sometimes gain a little power by
                  | taking damage. [demonic ancestry]
   124 | D:1      | Reached XP level 2. HP: 24/24 MP: 2/2
   758 | D:2      | Found a sacrificial altar of Ru.
   769 | D:2      | Reached ** piety under Trog
   769 | D:2      | Gained mutation: You have a somewhat thin skeletal
                  | structure. (Dex +2, Stealth) [demonic ancestry]
   769 | D:2      | Reached XP level 3. HP: 27/29 MP: 3/3
   826 | D:2      | Gained mutation: You are immune to rotting. [demonic
                  | ancestry]
   826 | D:2      | Reached XP level 4. HP: 29/35 MP: 4/4
   960 | D:2      | Found a bloodstained altar of Trog.
  1246 | D:2      | Reached skill level 4 in Axes
  1378 | D:2      | Noticed Jessica
  1380 | D:2      | Killed Jessica
  1513 | D:2      | Gained mutation: You have a moderately thin skeletal
                  | structure. (Dex +4, Stealth+) [demonic ancestry]
  1513 | D:2      | Reached XP level 5. HP: 41/41 MP: 5/5
  1688 | D:2      | Found a basalt altar of Yredelemnul.
  2301 | D:3      | Found a glowing drain.
  2465 | Sewer    | Entered a sewer
  2668 | Sewer    | Noticed Purgy
  2705 | Sewer    | HP: 1/41 [Purgy (2)]
  2707 | Sewer    | Killed Purgy
  2707 | Sewer    | Gained mutation: You may emit foul miasma when damaged in
                  | melee. [demonic ancestry]
  2707 | Sewer    | Reached XP level 6. HP: 1/47 MP: 6/6
  3441 | D:3      | Reached skill level 5 in Axes
  3821 | D:4      | Found a shadowy altar of Dithmenos.
  4480 | D:4      | Gained mutation: You have sharp fingernails. [demonic
                  | ancestry]
  4480 | D:4      | Reached XP level 7. HP: 36/53 MP: 7/7
  4555 | D:4      | Noticed Ijyb
  4571 | D:4      | Killed Ijyb
  4638 | D:4      | Reached *** piety under Trog
  5110 | D:5      | Entered Level 5 of the Dungeon
  5503 | D:5      | Reached skill level 6 in Axes
  5884 | D:5      | Found Gulali's Distillery.
  5960 | D:5      | Bought a potion of might for 52 gold pieces
  6051 | D:5      | Reached skill level 5 in Armour
  6051 | D:5      | Reached XP level 8. HP: 44/60 MP: 8/8
  6404 | D:5      | Reached skill level 7 in Axes
  6716 | D:5      | Noticed Blork the orc
  6753 | D:5      | Killed Blork the orc
  7057 | D:6      | Noticed Eustachio
  7067 | D:6      | Killed Eustachio
  7119 | D:6      | Reached skill level 8 in Axes
  7128 | D:6      | Noticed a hornet
  7147 | D:5      | Killed a hornet
  7366 | D:6      | Reached XP level 9. HP: 67/67 MP: 9/9
  7367 | D:6      | Reached **** piety under Trog
  7430 | D:6      | Found Zin's Purification Station.
  7430 | D:6      | Found a glowing silver altar of Zin.
  7806 | D:6      | Found a white marble altar of Elyvilon.
  7806 | D:6      | Found a shattered altar of Ashenzari.
  7807 | D:6      | Found a snail-covered altar of Cheibriados.
  7881 | D:7      | Found a staircase to the Ecumenical Temple.
  7884 | D:7      | Reached skill level 9 in Axes
  7916 | D:7      | Got a coiled silver ring
  7922 | D:7      | Reached skill level 5 in Fighting
  7925 | D:7      | Identified the cursed ring "Zaur" {rF+ AC-6 Dex+4} (You
                  | found it on level 7 of the Dungeon)
  8067 | D:7      | Got a scorched shield
  8073 | D:7      | Identified the +3 shield "Imesch" {MR+ Str+4} (You found it
                  | on level 7 of the Dungeon)
  8676 | D:8      | Reached skill level 1 in Shields
  8684 | D:8      | Noticed Pikel
  8686 | D:8      | Noticed a cyclops
  8695 | D:8      | Killed Pikel
  8695 | D:8      | Reached skill level 10 in Axes
  8702 | D:8      | Killed a cyclops
  8836 | D:8      | Found a sand-covered staircase.
  8852 | Ossuary  | Entered an ossuary
  8871 | Ossuary  | Reached XP level 10. HP: 56/74 MP: 10/10
  8946 | Ossuary  | Reached ***** piety under Trog
  9284 | D:8      | Found Cetorion's General Store.
  9290 | D:8      | Bought a +2 cloak for 214 gold pieces
  9327 | D:8      | Found a bloodstained altar of Trog.
  9396 | D:8      | Noticed a two-headed ogre
  9405 | D:8      | Killed a two-headed ogre
  9405 | D:8      | Reached skill level 11 in Axes
  9431 | D:8      | Killed an unseen horror
 10286 | D:9      | Found an iron altar of Okawaru.
 10292 | D:9      | Received a gift from Trog
 10317 | D:9      | Found a staircase to the Lair.
 10458 | D:9      | Noticed a two-headed ogre
 10464 | D:9      | Killed a two-headed ogre
 10464 | D:9      | Reached skill level 12 in Axes
 10464 | D:9      | Gained mutation: You sometimes gain power by taking damage.
                  | [demonic ancestry]
 10464 | D:9      | Reached XP level 11. HP: 60/81 MP: 11/11
 10470 | D:9      | Found a deep blue altar of Sif Muna.
 10730 | D:10     | Entered Level 10 of the Dungeon
 10730 | D:10     | Noticed a two-headed ogre
 10742 | D:10     | Killed a two-headed ogre
 10878 | D:10     | Found a flagged portal.
 10900 | Bailey   | Entered a bailey
 11327 | Bailey   | Noticed an orc knight
 11366 | Bailey   | Killed an orc knight
 11366 | Bailey   | Reached skill level 5 in Shields
 11626 | Bailey   | Noticed an orc knight
 11626 | Bailey   | Noticed an orc knight
 11633 | Bailey   | Killed an orc knight
 11647 | Bailey   | Killed an orc knight
 11647 | Bailey   | Reached skill level 1 in Evocations
 11748 | D:9      | Got a sapphire battleaxe {god gift}
 11754 | D:9      | Identified the +1 battleaxe of Day {flame, rElec rN+ Int-4}
                  | (Trog gifted it to you on level 9 of the Dungeon)
 12133 | D:11     | Received a gift from Trog
 12214 | D:11     | Noticed a purple ugly thing
 12225 | D:11     | Killed a purple ugly thing
 12225 | D:11     | Reached skill level 13 in Axes
 12531 | D:11     | Found a staircase to the Orcish Mines.
 12538 | D:11     | Received a gift from Trog
 13157 | D:12     | Noticed a six-headed hydra
 13165 | D:12     | Killed a one-headed hydra
 13385 | D:12     | Gained mutation: You resist negative energy. (rN+) [demonic
                  | ancestry]
 13385 | D:12     | Reached XP level 12. HP: 83/91 MP: 12/12
 13980 | D:13     | Noticed a vault guard
 14017 | D:13     | Killed a vault guard
 14086 | D:13     | Found a gate to the Vaults.
 14122 | D:13     | Found a labyrinth entrance.
 14131 | D:13     | Noticed a two-headed ogre
 14131 | D:13     | Noticed a centaur warrior
 14133 | D:13     | Noticed a tengu warrior
 14137 | D:13     | Noticed a tengu warrior
 14144 | Lab      | Entered a labyrinth
 14624 | Lab      | Reached skill level 14 in Axes
 16375 | Lab      | Noticed a minotaur
 16391 | Lab      | Killed a minotaur
 16411 | Lab      | Got a brightly glowing arbalest
 16432 | D:13     | Killed a two-headed ogre
 16442 | D:13     | Killed a tengu warrior
 16444 | D:13     | Killed a tengu warrior
 16445 | D:13     | Killed a centaur warrior
 16825 | D:13     | Noticed a centaur warrior
 16839 | D:13     | Killed a centaur warrior
 16841 | D:13     | Reached XP level 13. HP: 81/98 MP: 14/14
 16911 | D:13     | Reached ****** piety under Trog
 17264 | D:13     | Received a gift from Trog
 17629 | D:14     | Reached skill level 15 in Axes
 18106 | D:14     | Found a white marble altar of Elyvilon.
 18177 | D:14     | Got an ancient copper amulet
 18364 | D:14     | Noticed a stone giant
 18364 | D:14     | Noticed a sphinx
 18427 | D:14     | Killed a stone giant
 18444 | D:14     | Killed a sphinx
 18499 | D:14     | Identified the amulet "Sooluucs" {MR++ Regen+ Int+2 Dex+4}
                  | (You found it on level 14 of the Dungeon)
 18503 | D:14     | Identified the cursed +0 arbalest "Dragon's Tongue" {speed,
                  | rPois Str+2 Stlth-} (You found it in a labyrinth)
 18552 | D:15     | Entered Level 15 of the Dungeon
 18614 | D:15     | Noticed Josephine
 18630 | D:15     | Killed Josephine
 19053 | D:15     | Reached skill level 16 in Axes
 19150 | D:15     | Gained mutation: You have very sharp fingernails. [demonic
                  | ancestry]
 19150 | D:15     | Reached XP level 14. HP: 64/106 MP: 15/15
 19259 | D:15     | Found a staircase to the Depths.
 19695 | Lair:1   | Entered Level 1 of the Lair of Beasts
 19813 | Lair:1   | Reached XP level 15. HP: 108/112 MP: 16/16
 20263 | Lair:1   | Noticed Sonja
 20270 | Lair:1   | Killed Sonja
 20555 | Lair:2   | Received a gift from Trog
 20883 | Lair:2   | Found a staircase to the Snake Pit.
 21514 | Lair:3   | Found a staircase to the Shoals.
 21657 | Lair:3   | Reached skill level 10 in Shields
 21728 | Lair:3   | You fall through a shaft for 3 floors!
 21728 | Lair:6   | Entered Level 6 of the Lair of Beasts
 21908 | Lair:6   | Found a bloodstained altar of Trog.
 21969 | Lair:6   | Found a staircase to the Slime Pits.
 21969 | Lair:6   | Found a viscous altar of Jiyva.
 23149 | Lair:6   | Reached skill level 10 in Fighting
 23976 | Lair:4   | Found a runed gate.
 23976 | Lair:4   | Found a runed gate.
 23976 | Lair:4   | Found a runed gate.
 23991 | Lair:4   | Noticed Pihebeh's ghost (journeyman MiFi)
 24113 | Lair:4   | You fall through a shaft for 2 floors!
 24237 | Lair:4   | Found the brooch of Shielding {Reflect SH+8}
 24709 | Lair:4   | Killed Pihebeh's ghost
 25024 | Orc:1    | Entered Level 1 of the Orcish Mines
 25191 | Orc:2    | Entered Level 2 of the Orcish Mines
 25367 | Orc:2    | Found a staircase to the Elven Halls.
 25567 | Orc:2    | Found Dadghilev's Assorted Antiques.
 25567 | Orc:2    | Found Odwyg's Antique Weapon Emporium.
 25567 | Orc:2    | Found Suenni's Distillery.
 25567 | Orc:2    | Found Xuicaput's Food Shop.
 25583 | Orc:2    | Received a gift from Trog
 25583 | Orc:2    | Gained mutation: You are somewhat able to resist unholy
                  | torments (1 in 2 success). [demonic ancestry]
 25583 | Orc:2    | Reached XP level 16. HP: 103/122 MP: 19/19
 25619 | Orc:2    | Reached skill level 17 in Axes
 25785 | Orc:2    | Bought a scroll labeled IVAOLO XOYBLAKLYPS for 35 gold
                  | pieces
 25785 | Orc:2    | Bought a scroll of identify for 70 gold pieces
 25791 | Orc:2    | Bought a potion of heal wounds for 55 gold pieces
 25791 | Orc:2    | Bought a potion of heal wounds for 55 gold pieces
 26506 | Orc:1    | Found Uredac's Jewellery Shoppe.
 26562 | Orc:1    | Bought the ring "Uwkoikh" {*Slow Str+5 Slay+2 Stlth+} for
                  | 567 gold pieces
 26718 | Snake:1  | Entered Level 1 of the Snake Pit
 26722 | Snake:1  | Found a blossoming altar of Fedhas.
 26890 | Snake:1  | Reached skill level 10 in Armour
 26984 | Snake:1  | Reached skill level 5 in Evocations
 27422 | Snake:2  | Received a gift from Trog
 27685 | Snake:2  | Found a sparkling altar of Nemelex Xobeh.
 28106 | Snake:2  | Gained mutation: You have claws for hands. [demonic
                  | ancestry]
 28106 | Snake:2  | Reached XP level 17. HP: 119/133 MP: 21/21
 28201 | Snake:2  | Received a gift from Trog
 28252 | Snake:3  | Reached skill level 18 in Axes
 28999 | Snake:4  | Entered Level 4 of the Snake Pit
 29605 | Snake:4  | HP: 5/133 [naga sharpshooter/bolt (16)]
 29611 | Snake:4  | Received a gift from Trog
 30539 | Snake:4  | Gained mutation: You have an unnaturally thin skeletal
                  | structure. (Dex +6, Stealth++) [demonic ancestry]
 30539 | Snake:4  | Reached XP level 18. HP: 75/143 MP: 23/23
 30775 | Snake:4  | Got a serpentine rune of Zot
 31085 | Shoals:1 | Entered Level 1 of the Shoals
 31194 | Shoals:1 | Received a gift from Trog
 31212 | Shoals:1 | Found a runed door.
 31220 | Shoals:1 | Noticed garrulousMonolith's ghost (adept DDFi)
 31545 | Shoals:1 | Killed garrulousMonolith's ghost
 31762 | Shoals:1 | Got a distressingly furry plate armour
 31806 | Shoals:1 | Identified the cursed +1 plate armour of Grottiness {-Cast
                  | Str+5} (You found it on level 1 of the Shoals)
 32035 | Shoals:2 | Noticed Ilsuiw
 32498 | Shoals:2 | Killed Ilsuiw
 32988 | Shoals:2 | Received a gift from Trog
 33669 | Shoals:3 | Found Waumatt's Magic Scroll Boutique.
 33698 | Shoals:3 | Bought a scroll of identify for 38 gold pieces
 33698 | Shoals:3 | Bought a scroll of brand weapon for 380 gold pieces
 33889 | Shoals:3 | Got a brightly glowing brass ring
 33928 | Shoals:3 | Identified the ring "Wefakam" {*Corrode Str+5 Int+2 Stlth+}
                  | (You found it on level 3 of the Shoals)
 34360 | Shoals:3 | Got an ichor-stained mace
 34361 | Shoals:3 | Identified the +3 mace of Success {crush, *Rage Str+4
                  | Stlth+} (You found it on level 3 of the Shoals)
 34590 | Shoals:4 | Entered Level 4 of the Shoals
 34639 | Shoals:4 | Received a gift from Trog
 34664 | Shoals:4 | Noticed Louise
 34692 | Shoals:4 | Killed Louise
 35485 | Shoals:4 | Reached skill level 19 in Axes
 35494 | Shoals:4 | Received a gift from Trog
 35494 | Shoals:4 | Gained mutation: You are powered by pain. [demonic
                  | ancestry]
 35494 | Shoals:4 | Reached XP level 19. HP: 43/152 MP: 25/25
 35851 | Shoals:4 | Got a barnacled rune of Zot
 36619 | Shoals:4 | Identified the cursed +0 buckler of the Lich-sworn
                  | {*Corrode Int+5 Dex+3} (You found it on level 4 of the
                  | Shoals)
 36968 | Elf:1    | Entered Level 1 of the Elven Halls
 36970 | Elf:1    | Got a tattered robe
 36981 | Elf:1    | Identified the +2 robe "Vupuc" {Str+7 Stlth+} (You found it
                  | on level 1 of the Elven Halls)
 37035 | Elf:1    | Reached skill level 15 in Shields
 37432 | Elf:1    | Received a gift from Trog
 37491 | Elf:1    | Identified the +5 hand axe "Woprenaa" {venom, Dex+4} (Trog
                  | gifted it to you on level 1 of the Elven Halls)
 37617 | Elf:1    | Found Doybu's Distillery.
 37625 | Elf:1    | Bought a potion of agility for 52 gold pieces
 37625 | Elf:1    | Bought a potion of mutation for 104 gold pieces
 37625 | Elf:1    | Bought a potion of might for 52 gold pieces
 37625 | Elf:1    | Bought a potion of mutation for 104 gold pieces
 37625 | Elf:1    | Bought a potion of might for 52 gold pieces
 38321 | Elf:2    | Found Assaas's Weapon Boutique.
 38701 | Elf:2    | Found a runed door.
 38726 | Elf:2    | Found a runed door.
 38988 | Elf:2    | Received a gift from Trog
 39394 | Elf:2    | Reached skill level 15 in Fighting
 39523 | Elf:3    | Entered Level 3 of the Elven Halls
 39744 | Elf:3    | Reached skill level 10 in Evocations
 39867 | Elf:3    | Found Wuedd's Gadget Shoppe.
 39869 | Elf:3    | Found Linail's Jewellery Boutique.
 39870 | Elf:3    | Found Zysor's Gadget Shoppe.
 40189 | Elf:3    | Identified the +4 buckler of the Arcane {Str+5 Dex+2} (You
                  | found it on level 3 of the Elven Halls)
 40225 | Elf:3    | Reached XP level 20. HP: 88/162 MP: 27/27
 40347 | Elf:3    | Received a gift from Trog
 40542 | Elf:3    | Reached skill level 20 in Axes
 40591 | Elf:3    | Got a clouded iron ring
 40592 | Elf:3    | Identified the ring of Lies {Ice *Drain +Inv rElec Stlth+}
                  | (You took it off a deep elf annihilator on level 3 of the
                  | Elven Halls)
 40596 | Elf:3    | Got a translucent silver ring
 40727 | Elf:3    | Identified the Disquisition on Fiery Conjuration
 40743 | Elf:3    | Got a heavily runed chain mail
 40754 | Elf:3    | Identified the +1 chain mail "Lunlian" {Str+2 Int+2} (You
                  | found it on level 3 of the Elven Halls)
 40768 | Elf:3    | Identified the Disquisition on Beguiling and the Mountains
 40944 | Elf:3    | Identified the ring "Gesseur" {+Fly rPois rC+ rN+ Int+6}
                  | (You took it off a deep elf annihilator on level 3 of the
                  | Elven Halls)
 41176 | Vaults:1 | Entered Level 1 of the Vaults
 41349 | Vaults:1 | Received a gift from Trog
 42299 | Vaults:2 | Found a white marble altar of Elyvilon.
 42716 | Vaults:2 | Received a gift from Trog
 42802 | Vaults:2 | Found a staircase to the Crypt.
 43534 | Vaults:3 | Reached XP level 21. HP: 123/174 MP: 29/29
 43733 | Vaults:3 | Received a gift from Trog
 44173 | Vaults:3 | Reached skill level 21 in Axes
 44726 | Vaults:3 | Received a gift from Trog
 44880 | Vaults:3 | Found a burning altar of Makhleb.
 45302 | Vaults:3 | Found Kamma's Food Shoppe.
 45473 | Vaults:3 | Received a gift from Trog
 46056 | Vaults:4 | Reached XP level 22. HP: 151/186 MP: 30/30
 47043 | Elf:3    | Got a translucent scale mail
 47054 | Elf:3    | Identified the +2 scale mail of Patterns {rC++} (You took
                  | it off a deep elf master archer on level 3 of the Elven
                  | Halls)
 47408 | Vaults:5 | Entered Level 5 of the Vaults
 47432 | Vaults:5 | Noticed an ancient lich
 47447 | Vaults:5 | Killed an ancient lich
 47527 | Vaults:5 | Received a gift from Trog
 47571 | Vaults:5 | Reached skill level 22 in Axes
 47864 | Vaults:5 | Noticed a golden dragon
 47886 | Vaults:5 | Killed a golden dragon
 48090 | Vaults:5 | Received a gift from Trog
 48564 | Vaults:5 | Noticed a golden dragon
 48575 | Vaults:5 | Killed a golden dragon
 48575 | Vaults:5 | Gained mutation: Your melee attacks may debilitate your
                  | foes. [demonic ancestry]
 48575 | Vaults:5 | Reached XP level 23. HP: 18/196 MP: 32/32
 49117 | Vaults:5 | Noticed an ancient lich
 49137 | Vaults:5 | Killed an ancient lich
 49550 | Vaults:5 | Found Xaickazu's General Store.
 49583 | Vaults:5 | Got a silver rune of Zot
 49910 | Depths:1 | Entered Level 1 of the Depths
 49910 | Depths:1 | Found Qixtooso's Gadget Shoppe.
 49956 | Depths:1 | Received a gift from Trog
 50025 | Depths:1 | Found Duzaujugh's Armour Shoppe.
 50060 | Depths:1 | Found Uclo's General Store.
 50063 | Depths:1 | Bought a scroll of blinking for 157 gold pieces
 50063 | Depths:1 | Bought a potion of heal wounds for 105 gold pieces
 50063 | Depths:1 | Bought a scroll of fear for 73 gold pieces
 50088 | Depths:1 | Found a gateway to Hell.
 50218 | Depths:1 | Found a one-way gate to the infinite horrors of the Abyss.
 50327 | Depths:1 | Found a flickering gateway to a bazaar.
 50449 | Depths:1 | Found a one-way gate leading to the halls of Pandemonium.
 50693 | Bazaar   | Entered a bazaar
 50698 | Bazaar   | Found Atinah's Armour Boutique.
 50709 | Bazaar   | Found Xoryqus's Food Shop.
 50744 | Bazaar   | Found Itisop's Armour Shoppe.
 50748 | Bazaar   | Found Foutok's Distillery.
 50757 | Bazaar   | Bought a potion of resistance for 120 gold pieces
 50757 | Bazaar   | Bought a potion of might for 48 gold pieces
 50757 | Bazaar   | Bought a potion of ambrosia for 96 gold pieces
 50757 | Bazaar   | Bought 2 potions of might for 96 gold pieces
 50757 | Bazaar   | Bought a potion of haste for 120 gold pieces
 50764 | Bazaar   | Bought the +4 chain mail "Reur" {rCorr Str-3 Int+2} for 595
                  | gold pieces
 50969 | Depths:2 | Received a gift from Trog
 51149 | Depths:2 | Reached skill level 10 in Dodging
 51445 | Depths:2 | Identified the +1 scale mail "Ofiebusu" {-Tele rPois rC+
                  | rCorr} (You found it on level 2 of the Depths)
 51556 | Depths:2 | Identified the Volume of the Helpful Traveller
 51702 | Depths:2 | Found a gateway to a ziggurat.
 51989 | Depths:3 | Found Ohonwut's Armour Shoppe.
 52094 | Depths:3 | Reached XP level 24. HP: 183/208 MP: 32/32
 52128 | Depths:3 | Received a gift from Trog
 52193 | Depths:3 | Reached skill level 23 in Axes
 52455 | Depths:3 | Paralysed by a floating eye for 4 turns
 52514 | Depths:3 | Found a runed door.
 52514 | Depths:3 | Found a runed door.
 53089 | Depths:3 | Received a gift from Trog
 53092 | Depths:3 | Identified the +3 hand axe of Eternal Vigilance {flame,
                  | +Rage rN+} (Trog gifted it to you on level 3 of the Depths)
 53227 | Depths:3 | Found a bloodstained altar of Trog.
 53431 | Depths:4 | Found an iron altar of Okawaru.
 53446 | Depths:4 | Identified the cursed ring of Xenytues {rF+ Int-2 Slay+2
                  | SInv} (You found it on level 4 of the Depths)
 53691 | Depths:5 | Entered Level 5 of the Depths
 53815 | Depths:5 | Paralysed by a floating eye for 2 turns
 53876 | Depths:5 | Found Osieze's Armour Shop.
 53937 | Depths:5 | Received a gift from Trog
 53993 | Depths:5 | Noticed Saint Roka
 54015 | Depths:5 | Killed Saint Roka
 54043 | Depths:5 | Paralysed by a floating eye for 3 turns
 54180 | Depths:5 | Found Eneipibb's Jewellery Boutique.
 54301 | Depths:5 | Got a warped lapis lazuli ring
 54303 | Depths:5 | Identified the ring "Rasoilul" {AC+1 Str+5 SInv} (You found
                  | it on level 5 of the Depths)
 54366 | Depths:5 | Found a gate to the Realm of Zot.
 54387 | Depths:5 | Noticed Sojobo
 54398 | Depths:5 | Killed Sojobo
 54414 | Depths:5 | Got a bound jade ring
 54416 | Depths:5 | Identified the ring of Uskayaw's Generosity {+Blink +Fly}
                  | (You found it on level 5 of the Depths)
 54436 | Depths:5 | Received a gift from Trog
 54436 | Depths:5 | Reached XP level 25. HP: 148/217 MP: 33/33
 54606 | Depths:5 | Got a transparent glass ring
 54608 | Depths:5 | Identified the ring of Abstinence {rF+ EV+5} (You found it
                  | on level 5 of the Depths)
 55138 | Slime:1  | Entered Level 1 of the Pits of Slime
 55144 | Slime:1  | Gained mutation: Your body sometimes deteriorates upon
                  | taking damage. [a shining eye]
 55395 | Slime:1  | Gained mutation: Armour fits poorly on your strangely
                  | shaped body. [a shining eye]
 55629 | Slime:2  | Gained mutation: You are weak. (Str -2) [a shining eye]
 55632 | Slime:2  | Gained mutation: You are occasionally teleported next to
                  | monsters. [a shining eye]
 56071 | Slime:4  | Gained mutation: You occasionally shout uncontrollably at
                  | your foes. [a shining eye]
 56072 | Slime:4  | Gained mutation: Your spells are a little easier to cast,
                  | but a little less powerful. [a shining eye]
 56238 | Slime:4  | Received a gift from Trog
 56251 | Slime:4  | Reached skill level 24 in Axes
 56266 | Slime:4  | Gained mutation: Scrolls take you a little longer to read.
                  | [a shining eye]
 56831 | Slime:5  | Entered Level 5 of the Pits of Slime
 56834 | Slime:4  | Lost mutation: Armour fits poorly on your strangely shaped
                  | body. [potion of mutation]
 56834 | Slime:4  | Lost mutation: Scrolls take you a little longer to read.
                  | [potion of mutation]
 56834 | Slime:4  | Gained mutation: You expend magic power (3 MP) to
                  | strengthen your wands. [potion of mutation]
 56834 | Slime:4  | Gained mutation: You possess an exceptional clarity of
                  | mind. [potion of mutation]
 57073 | Slime:5  | Noticed the Royal Jelly
 57265 | Slime:5  | Killed the Royal Jelly
 57601 | Slime:5  | Gained mutation: You frequently emit foul miasma when
                  | damaged in melee. [demonic ancestry]
 57601 | Slime:5  | Reached XP level 26. HP: 226/226 MP: 33/34
 57604 | Slime:5  | Identified the +5 war axe "Nonn" {chop, *Drain rElec Dex+4
                  | SInv} (You found it on level 5 of the Pits of Slime)
 57608 | Slime:5  | Got a slimy rune of Zot
 57636 | Slime:5  | Got a clouded jade ring
 57638 | Slime:5  | Identified the ring of the Princeling {rF+ rN+ MP+9 Int+4
                  | Dex-5} (You found it on level 5 of the Pits of Slime)
 57644 | Slime:5  | Got a smoking graven amulet
 57645 | Slime:5  | Identified the amulet "Jyfri" {RegenMP rF+} (You found it
                  | on level 5 of the Pits of Slime)
 58434 | Crypt:1  | Entered Level 1 of the Crypt
 58601 | Crypt:1  | Received a gift from Trog
 58752 | Crypt:1  | Reached skill level 15 in Evocations
 58999 | Crypt:1  | Identified a scroll of acquirement
 59789 | Crypt:2  | Found a runed gate.
 59790 | Crypt:2  | Found a runed gate.
 59790 | Crypt:2  | Found a runed gate.
 59791 | Crypt:2  | Found Suotum's Assorted Antiques.
 59791 | Crypt:2  | Noticed Inihug's ghost (veteran MiGl)
 59793 | Crypt:2  | Found an opulent altar of Gozag.
 59793 | Crypt:2  | Found Nuwaur's Assorted Antiques.
 59838 | Crypt:2  | Killed Inihug's ghost
 59840 | Crypt:2  | Reached XP level 27. HP: 115/235 MP: 0/34
 60101 | Crypt:2  | Received a gift from Trog
 60412 | Crypt:3  | Entered Level 3 of the Crypt
 60563 | Crypt:3  | Received a gift from Trog
 60601 | Crypt:3  | Reached skill level 15 in Armour
 60752 | Crypt:3  | Identified the Disquisition on Necromancy
 60754 | Crypt:3  | Noticed an ancient lich
 60774 | Crypt:3  | Killed an ancient lich
 61358 | Crypt:3  | Found a staircase to the Tomb.
 61847 | Temple   | Entered the Ecumenical Temple
 61893 | Temple   | Fell from the grace of Trog
 61893 | Temple   | Became a worshipper of Uskayaw the Reveler
 62585 | Depths:1 | Voluntarily entered the Abyss.
 62660 | Abyss:1  | Reached * piety under Uskayaw
 62687 | Abyss:1  | Reached ** piety under Uskayaw
 62689 | Abyss:1  | Reached skill level 1 in Invocations
 62702 | Abyss:1  | Paralysed by Trog for 7 turns
 62751 | Abyss:1  | Reached *** piety under Uskayaw
 62763 | Abyss:1  | Reached **** piety under Uskayaw
 62818 | Abyss:1  | Reached ***** piety under Uskayaw
 62828 | Abyss:1  | Reached ****** piety under Uskayaw
 62856 | Abyss:1  | Paralysed by a floating eye for 3 turns
 62909 | Abyss:1  | Gained mutation: You sometimes yell uncontrollably at your
                  | foes. [a neqoxec]
 62926 | Abyss:1  | Paralysed by accursed screaming for 2 turns
 62993 | Abyss:1  | Noticed an ancient lich
 63002 | Abyss:1  | Killed an ancient lich
 63002 | Abyss:1  | Reached skill level 5 in Invocations
 63048 | Abyss:1  | Gained mutation: Your body often deteriorates upon taking
                  | damage. [you]
 63048 | Abyss:1  | Gained mutation: You are very weak. (Str -4) [you]
 63122 | Abyss:1  | Paralysed by accursed screaming for 1 turns
 63571 | Abyss:2  | Found a corrupted altar of Lugonu.
 63637 | Abyss:2  | Found a corrupted altar of Lugonu.
 64142 | Abyss:3  | Reached skill level 10 in Invocations
 64440 | Abyss:3  | Found a sparkling altar of Nemelex Xobeh.
 65055 | Abyss:5  | Entered Level 5 of the Abyss
 65086 | Abyss:5  | Found a burning altar of Makhleb.
 65277 | Abyss:5  | Gained mutation: You do not regenerate when monsters are
                  | visible. [a neqoxec]
 65400 | Depths:1 | Escaped the Abyss
 65597 | Depths:1 | Voluntarily entered the Abyss.
 65598 | Abyss:1  | Gained mutation: Potions cannot restore your health. [a
                  | shining eye]
 65757 | Abyss:1  | Reached skill level 15 in Invocations
 66237 | Abyss:3  | Found a transporter.
 66354 | Abyss:3  | Found a transporter.
 66356 | Abyss:3  | Got an abyssal rune of Zot
 66435 | Depths:1 | Escaped the Abyss
 66622 | Depths:1 | Voluntarily entered the Abyss.
 67037 | Abyss:1  | Gained mutation: You are sometimes teleported next to
                  | monsters. [a neqoxec]
 67154 | Depths:1 | Escaped the Abyss
 67327 | Depths:1 | Voluntarily entered the Abyss.
 67533 | Abyss:3  | Found a corrupted altar of Lugonu.
 67656 | Abyss:5  | Entered Level 5 of the Abyss
 67736 | Abyss:5  | Lost mutation: You possess an exceptional clarity of mind.
                  | [a neqoxec]
 67788 | Abyss:5  | Reached skill level 25 in Axes
 67843 | Depths:1 | Escaped the Abyss
 68099 | Depths:1 | Voluntarily entered the Abyss.
 69164 | Abyss:1  | Paralysed by accursed screaming for 1 turns
 69276 | Abyss:1  | Gained mutation: Armour fits poorly on your strangely
                  | shaped body. [a neqoxec]
 69712 | Abyss:1  | Gained mutation: Your magical capacity is low. (-10% MP) [a
                  | neqoxec]
 69912 | Abyss:1  | Noticed an ancient lich
 69928 | Abyss:1  | Killed an ancient lich
 69947 | Abyss:2  | Found a corrupted altar of Lugonu.
 70333 | Abyss:3  | Reached skill level 1 in Stealth
 70415 | Abyss:3  | Gained mutation: You frequently scream uncontrollably at
                  | your foes. [a shining eye]
 70477 | Abyss:4  | Found a burning altar of Makhleb.
 70868 | Abyss:4  | Gained mutation: Your magical capacity is very low. (-20%
                  | MP) [a neqoxec]
 70917 | Abyss:5  | Entered Level 5 of the Abyss
 70922 | Abyss:5  | Found a corrupted altar of Lugonu.
 71010 | Abyss:5  | Noticed an ancient lich
 71024 | Abyss:5  | Reached skill level 5 in Stealth
 71027 | Abyss:5  | Killed an ancient lich
 71039 | Depths:1 | Escaped the Abyss
 71259 | Depths:1 | Voluntarily entered the Abyss.
 71284 | Abyss:1  | Reached skill level 1 in Spellcasting
 72408 | Abyss:2  | Found a corrupted altar of Lugonu.
 72747 | Abyss:4  | Reached skill level 5 in Spellcasting
 72835 | Abyss:5  | Entered Level 5 of the Abyss
 73299 | Depths:1 | Escaped the Abyss
 73541 | Depths:1 | Voluntarily entered the Abyss.
 73605 | Abyss:1  | Found a burning altar of Makhleb.
 73646 | Depths:1 | Escaped the Abyss
 73709 | Depths:1 | Was forgiven by Trog
 73936 | Depths:1 | Voluntarily entered the Abyss.
 74670 | Abyss:1  | Reached skill level 10 in Stealth
 75296 | Abyss:2  | Found a corrupted altar of Lugonu.
 75396 | Abyss:2  | Found a corrupted altar of Lugonu.
 76030 | Abyss:4  | Found a corrupted altar of Lugonu.
 76120 | Abyss:4  | Found a corrupted altar of Lugonu.
 76232 | Abyss:5  | Entered Level 5 of the Abyss
 76232 | Abyss:5  | Found a corrupted altar of Lugonu.
 76448 | Abyss:5  | Found a corrupted altar of Lugonu.
 76468 | Abyss:5  | Found a corrupted altar of Lugonu.
 76583 | Depths:1 | Escaped the Abyss
 76812 | Depths:1 | Learned a level 6 spell: Invisibility
 76820 | Depths:1 | Learned a level 7 spell: Ring of Flames
 76822 | Depths:1 | Voluntarily entered the Abyss.
 76833 | Abyss:1  | Noticed an ancient lich
 76839 | Abyss:1  | Killed an ancient lich
 76839 | Abyss:1  | Reached skill level 1 in Hexes
 76839 | Abyss:1  | Reached skill level 1 in Fire Magic
 76893 | Abyss:1  | Reached skill level 1 in Charms
 77053 | Abyss:1  | Found a corrupted altar of Lugonu.
 77105 | Abyss:1  | Found a corrupted altar of Lugonu.
 77136 | Abyss:1  | Found a corrupted altar of Lugonu.
 77839 | Abyss:2  | Found a transporter.
 77847 | Abyss:2  | Found a corrupted altar of Lugonu.
 77853 | Abyss:2  | Gained mutation: You are clumsy. (Dex -2) [a neqoxec]
 77855 | Abyss:2  | Found a transporter.
 77864 | Abyss:2  | Paralysed by accursed screaming for 2 turns
 77864 | Abyss:2  | HP: 4/238 [tentacled starspawn (19)]
 77865 | Abyss:2  | Killed from afar by a starcursed mass

Vault maps used:
D:1:      mrwooster_arrival_statue
D:2:      yredelemnul_forgotten_temple_becter,
          nicolae_ru_great_annihilating_truth, minmay_gold_behind_fungi,
          trog_three_pillars_becter, uniq_jessica
D:3:      portal_sewer_entry_b
D:4:      first_ration, nicolae_dithmenos_the_darkroom, uniq_ijyb
D:5:      serial_shops, shop_fountains, uniq_blork_the_orc
D:6:      zin_purify, gammafunk_temple_overflow_claw,
          hangedman_abyss_or_decor_passed, uniq_eustachio
D:7:      minmay_temple_entry_glass
D:8:      trog_ov_bears_minmay, serial_shops, nicolae_shop_trees,
          enter_ossuary_1, hangedman_little_slice_of_home,
          minmay_misc_feat_doors, uniq_pikel
D:9:      kennysheep_mini, old_standard_altar, lair_entry_dummy,
          minmay_misc_feat_nine_boxes
D:10:     enter_bailey_2
D:11:     david_orc_3
D:13:     david_vaults_5, lab_entry_generic, hangedman_abyss_or_decor_slice
D:14:     elyvilon_altar_4, minmay_statues_item,
          onia_ninara_dug_in_and_dangerous
D:15:     gammafunk_enter_depths_forms, serial_bayou_ford_a, uniq_josephine
Temple:   nicolae_temple_god_jail
Lair:1:   uniq_sonja
Lair:2:   dummy_snake_entry, st_stairs_7, infiniplex_staircase_pool
Lair:3:   elwin_shoals_entry_rocks
Lair:4:   gammafunk_ghost_split, lemuel_fruit_fields
Lair:6:   due_jungle_book, slime_altar_1, basic_altar, grunt_megastairs_3
Shoals:1: ebering_ghost_inner_flame, st_sunken_temple
Shoals:2: argonaut_gorgonesque, uniq_ilsuiw
Shoals:3: serial_shops, nicolae_shop_crystal
Shoals:4: shoals_end_grunt_ice, nicolae_shoals_water_shrine, uniq_louise
Snake:1:  basic_altar
Snake:2:  cheibrodos_snake_lava_hold, basic_altar, st_stairs_11
Snake:3:  basic_stair_grate_trap
Snake:4:  johnstein_snake_rune_scales
Slime:1:  cheibrodos_slime_lost_civilization_5
Slime:2:  nicolae_slime_phagocytosis
Slime:3:  nicolae_slime_ancient_tower_intersection
Orc:1:    serial_shops, nicolae_shop_stone
Orc:2:    st_orc_ogre_mass, nicolae_orc_bridge_out
Elf:1:    serial_shops, shop, minivault_28, roderic_lattice_octagonal_star
Elf:2:    serial_shops, shop
Elf:3:    minmay_elf_hall_curves, minmay_shop_grove, basic_stair_grate_trap
Vaults:1: vaults_mumra_lcd, v_misc_9, v_rooms_4, vaults_mumra_chevron_long,
          nicolae_vaults_network_quinsquares, vaults_dpeg_doors, v_misc_13,
          nicolae_vaults_little_squares_2, ontoclasm_vaults_gateway,
          vaults_standard_mumra_enter_the_diamond
Vaults:2: nicolae_vaults_alarming, minmay_crypt_entry_simple_statues,
          hangedman_vaults_hat, st_cells, hangedman_vaults_stitches,
          vaults_room_fancy_cross, dpeg_vaults_monster_box, v_pattern_1,
          nicolae_vaults_little_squares_6, ontoclasm_vaults_twist,
          vaults_standard_mumra_enter_the_diamond, vaults_dpeg_spiral,
          ontoclasm_vaults_ring_large, nicolae_vaults_little_squares_1,
          ontoclasm_vaults_shuriken, nicolae_vaults_little_squares_5,
          basic_altar
Vaults:3: st_smaller_cells, hangedman_vaults_stretched_pinwheel,
          ontoclasm_vaults_spin, nicolae_vaults_network_periphery,
          hangedman_vaults_impose, v_misc_12, vaults_mumra_minichess,
          nicolae_vaults_big_ls, vaults_standard_mumra_lines,
          grunt_vaults_hallway_short, vaults_dpeg_diagonal,
          nicolae_vaults_little_squares_6, basic_altar, serial_shops, shop
Vaults:4: vaults_dpeg_encased_lava, ontoclasm_vaults_gallery,
          nicolae_vaults_network_quincunx, vaults_mumra_hexcomb,
          nicolae_vaults_little_squares_1, vaults_room_stairs_pillars,
          vaults_room_door_ring
Vaults:5: serial_shops
Crypt:2:  ebering_ghost_gozag
Crypt:3:  david_glass_crypt, tomb_entry_simple_bobbens
Depths:1: serial_shops, bzr_entry_lakeside, nicolae_shop_crystal,
          nicolae_shop_behind_doors, nicolae_shop_stone, rand_demon_pan_entry_5,
          corexii_corridor_pit, abyss_entry, pf_vacation_house_of_asmodeus,
          dispersion_dpeg
Depths:2: kennysheep_ambush_hall, enter_ziggurat_f, hell_entry,
          minmay_misc_feat_four_crosses
Depths:3: minmay_the_grid_four_pointed_star, grunt_pan_entry_spiral, hell_entry,
          serial_shops, kennysheep_mini_moat, nrook_uturn,
          evilmike_spriggan_trog_shrine
Depths:4: kennysheep_spiral_hall, abyss_entry, hangedman_coc_ice_floe,
          okawaru_ov_weapons_minmay
Depths:5: hangedman_spin_cycle, hell_entry
Abyss:1:  gammafunk_abyss_exit_x_factor, grunt_abyss_exit_deep_breaths,
          evilmike_abyss_exit_2, evilmike_abyss_exit_9
Abyss:2:  hangedman_decor_peaks_small, evilmike_abyss_exit_14, due_exit_kobolds,
          minivault_23, evilmike_abyss_exit_9, minivault_23, minivault_26,
          evilmike_abyss_exit_17, gammafunk_corrupted_shrine,
          hangedman_abyss_mock_shop, minivault_4
Abyss:3:  gammafunk_abyss_rune_reverse_zot, guppyfry_abyss_exit_spiral_guarded,
          bh_abyss_exit_spiral, hangedman_abyss_shoalhut, abyss_exit_lava
Abyss:4:  evilmike_abyss_exit_14, hangedman_abyss_or_decor_stagger,
          eino_small_chamber_without_monster, minivault_25_ag,
          nicolae_abyss_rune_left_handed, evilmike_abyss_exit_8,
          evilmike_abyss_exit_mutagenic, guppyfry_abyss_exit_spiral_guarded,
          bh_abyss_xom_lugonu_altar, hangedman_abyss_lost_library,
          evilmike_abyss_exit_17, hangedman_steaming_rock,
          evilmike_abyss_exit_5, hangedman_abyss_mock_shop, minivault_23,
          hangedman_abyss_river_spirits
Abyss:5:  hangedman_abyss_rune_macabre_mess, evilmike_abyss_exit_6,
          evilmike_abyss_exit_9, hangedman_abyss_or_decor_clamps,
          hangedman_abyss_exit_choices, evilmike_abyss_exit_glass,
          evilmike_abyss_exit_kraken, evilmike_abyss_exit_14,
          evilmike_abyss_exit_11, hangedman_abyss_shoalhut,
          hangedman_abyss_or_decor_stabs,
          hangedman_abyss_or_decor_jellyfish_corner, minivault_26
Lab:      labyrinth_hidden_loot, labyrinth_glass_1, nicolae_lab_statue,
          nicolae_lab_swirl, labyrinth_skeletal_remains, nicolae_lab_diamond,
          nicolae_lab_lava, nicolae_lab_plus
Bazaar:   bazaar_kb_twisted_cavern
Sewer:    kennysheep_door_sewer
Ossuary:  ossuary_tomb_2
Bailey:   bailey_polearm_5, bailey

Skill      XL: |  1  2  3  4  5  6  7  8  9 10 11 12 13 14 15 16 17 18 19 20 21 22 23 24 25 26 27 |
---------------+----------------------------------------------------------------------------------+-----
Axes           | 3 4 5 6 8 10 12 13 14 16 17 18 19 20 21 22 23 24 25 | 25.9
Armour         | 2 3 4 5 6 7 8 9 10 11 12 13 14 15 | 15.1
Dodging        | 2 3 4 7 8 9 10 11 12 | 12.0
Fighting       | 4 5 6 7 8 10 11 13 14 15 17 18 19 21 22 23 24 | 24.0
Shields        | 1 4 6 7 9 10 11 13 14 15 | 15.0
Evocations     | 1 2 4 5 7 8 10 11 12 13 14 15 20 | 20.0
Invocations    | 23 | 23.4
Stealth        | 11 | 11.1
Spellcasting   | 9 |  9.3
Hexes          | 3 |  3.7
Fire Magic     | 3 |  3.0
Charms         | 3 |  3.1

Action                   |  1- 3 |  4- 6 |  7- 9 | 10-12 | 13-15 | 16-18 | 19-21 | 22-24 | 25-27 || total
-------------------------+-------+-------+-------+-------+-------+-------+-------+-------+-------++-------
Melee: Hand axe          |   109 |   279 |   215 |       |       |       |       |       |       ||   603
       War axe           |       |       |   170 |   776 |   717 |       |       |       |       ||  1663
       Broad axe         |       |       |       |       |   111 |  1174 |  1291 |  1200 |  4690 ||  8466
       Unarmed           |       |       |       |       |       |       |       |       |     4 ||     4
Invok: Berserk           |       |       |       |     1 |     1 |     1 |       |     2 |     1 ||     6
       Trog's Hand       |       |       |       |       |       |       |       |       |     1 ||     1
Evoke: Wand              |       |     1 |     4 |    29 |     9 |    12 |    28 |     1 |    62 ||   146
       Lightning rod     |       |       |       |       |     1 |     1 |       |       |       ||     2
       Lamp of fire      |       |       |       |       |       |     2 |       |       |     2 ||     4
       Box of beasts     |       |       |       |       |       |       |       |     1 |     2 ||     3
       Sack of spiders   |       |       |       |       |       |       |       |       |     3 ||     3
  Use: Potion            |       |     6 |       |     4 |     1 |    10 |       |     5 |     8 ||    34
       Scroll            |       |       |     7 |     9 |    17 |    21 |    15 |    18 |    25 ||   112
 Stab: Invisible         |     1 |     1 |       |       |       |     2 |       |       |     1 ||     5
       Sleeping          |       |     5 |       |       |       |     3 |    15 |       |     1 ||    24
       Paralysed         |       |       |       |     9 |     7 |       |       |       |   344 ||   360
       Betrayed ally     |       |       |       |     1 |       |       |       |       |       ||     1
       Petrified         |       |       |       |       |     1 |     2 |       |       |       ||     3
       Distracted        |       |       |       |       |       |     1 |       |     1 |     4 ||     6
       Petrifying        |       |       |       |       |       |       |       |       |     3 ||     3
  Eat: Chunk             |       |    12 |    14 |    21 |    29 |    20 |    28 |    20 |    30 ||   174
       Ration            |       |       |       |     2 |       |     4 |     2 |     3 |    15 ||    26
Armor: Scale mail        |    42 |    97 |    39 |       |       |       |       |       |       ||   178
       Chain mail        |       |       |   175 |   270 |   222 |   386 |   193 |    42 |    49 ||  1337
       Gold dragon scale |       |       |       |       |       |       |       |   225 |  1170 ||  1395
Dodge: Dodged            |    76 |   171 |   187 |   233 |   215 |   438 |   243 |   265 |  1170 ||  2998
Block: Shield            |       |       |    37 |   527 |   491 |  1154 |   875 |  1091 |  2768 ||  6943
       Reflection        |       |       |       |       |     5 |    56 |    95 |    63 |     4 ||   223

Table legend:
 A = Non-vault XP
 B = Vault XP
 C = Vault XP percentage of total XP
 D = Non-vault monster count
 E = Vault monster count
 F = Vault count percentage of total count
                 A         B        C        D         E       F
            +---------+---------+-------+---------+---------+-------
      Total | 1467085 |  715727 |  32.8 |    2842 |     885 |  23.7
            +---------+---------+-------+---------+---------+-------
        D:1 |      33 |       0 |   0.0 |      20 |       0 |   0.0
        D:2 |      85 |      91 |  51.7 |      24 |       6 |  20.0
        D:3 |     141 |      17 |  10.8 |      13 |       5 |  27.8
        D:4 |     381 |      35 |   8.4 |      12 |       1 |   7.7
        D:5 |    1177 |      91 |   7.2 |      25 |       1 |   3.8
        D:6 |     795 |     196 |  19.8 |      28 |       1 |   3.4
        D:7 |     891 |       0 |   0.0 |      22 |       0 |   0.0
        D:8 |    3702 |    1043 |  22.0 |      29 |      11 |  27.5
        D:9 |    2479 |       0 |   0.0 |      30 |       0 |   0.0
       D:10 |    2049 |       0 |   0.0 |      26 |       0 |   0.0
       D:11 |    2774 |     170 |   5.8 |      23 |       8 |  25.8
       D:12 |    3644 |       0 |   0.0 |      23 |       0 |   0.0
       D:13 |   11377 |    3598 |  24.0 |      52 |      13 |  20.0
       D:14 |    5721 |    6975 |  54.9 |      24 |       7 |  22.6
       D:15 |    7362 |    6176 |  45.6 |      33 |      15 |  31.2
     Lair:1 |    2554 |     802 |  23.9 |      13 |       1 |   7.1
     Lair:2 |    4179 |     327 |   7.3 |      20 |       2 |   9.1
     Lair:3 |     958 |       0 |   0.0 |       6 |       0 |   0.0
     Lair:4 |    1773 |    2999 |  62.8 |       8 |       6 |  42.9
     Lair:5 |    3274 |       0 |   0.0 |      15 |       0 |   0.0
     Lair:6 |   20615 |    3347 |  14.0 |      54 |       7 |  11.5
   Shoals:1 |   11338 |    8547 |  43.0 |      22 |       9 |  29.0
   Shoals:2 |   13735 |    8522 |  38.3 |      28 |      13 |  31.7
   Shoals:3 |   15428 |       0 |   0.0 |      31 |       0 |   0.0
   Shoals:4 |   20536 |   27164 |  56.9 |      45 |      40 |  47.1
    Snake:1 |   18905 |       0 |   0.0 |      30 |       0 |   0.0
    Snake:2 |   24529 |    6625 |  21.3 |      45 |      12 |  21.1
    Snake:3 |   13441 |       0 |   0.0 |      26 |       0 |   0.0
    Snake:4 |   20198 |   39800 |  66.3 |      39 |      66 |  62.9
    Slime:1 |   16042 |       0 |   0.0 |      42 |       0 |   0.0
    Slime:2 |    1353 |       0 |   0.0 |       4 |       0 |   0.0
    Slime:3 |    8277 |       0 |   0.0 |      18 |       0 |   0.0
    Slime:4 |   22716 |       0 |   0.0 |      46 |       0 |   0.0
    Slime:5 |    3360 |   29073 |  89.6 |       6 |      14 |  70.0
      Orc:1 |    1878 |       0 |   0.0 |      12 |       0 |   0.0
      Orc:2 |     833 |   16775 |  95.3 |      15 |      36 |  70.6
      Elf:1 |   10375 |    7343 |  41.4 |      21 |      12 |  36.4
      Elf:2 |   13711 |   24224 |  63.9 |      23 |      30 |  56.6
      Elf:3 |   11077 |   44813 |  80.2 |      17 |      31 |  64.6
   Vaults:1 |   28028 |    6928 |  19.8 |      55 |      18 |  24.7
   Vaults:2 |   16314 |   24971 |  60.5 |      32 |      39 |  54.9
   Vaults:3 |   67855 |   43234 |  38.9 |     110 |      52 |  32.1
   Vaults:4 |   17327 |    9150 |  34.6 |      28 |       7 |  20.0
   Vaults:5 |   15318 |  136458 |  89.9 |      19 |      93 |  83.0
    Crypt:1 |   44391 |       0 |   0.0 |      64 |       0 |   0.0
    Crypt:2 |   37739 |   17664 |  31.9 |      45 |       8 |  15.1
    Crypt:3 |   27215 |   32991 |  54.8 |      39 |      13 |  25.0
   Depths:1 |   37033 |    5268 |  12.5 |      59 |       4 |   6.3
   Depths:2 |   51417 |    9774 |  16.0 |      59 |      10 |  14.5
   Depths:3 |   40040 |   31894 |  44.3 |      45 |      41 |  47.7
   Depths:4 |   17033 |     844 |   4.7 |      15 |       1 |   6.2
   Depths:5 |       0 |   92095 | 100.0 |       0 |      85 | 100.0
    Abyss:1 |  377533 |   25325 |   6.3 |     629 |      28 |   4.3
    Abyss:2 |   67413 |    5613 |   7.7 |     129 |       7 |   5.1
    Abyss:3 |  105875 |   18156 |  14.6 |     200 |      16 |   7.4
    Abyss:4 |   73264 |    7075 |   8.8 |     119 |      18 |  13.1
    Abyss:5 |  139594 |    1759 |   1.2 |     225 |      12 |   5.1
        Lab |       0 |    4028 | 100.0 |       0 |      14 | 100.0
      Sewer |       0 |     155 | 100.0 |       0 |       6 | 100.0
    Ossuary |       0 |     472 | 100.0 |       0 |      28 | 100.0
     Bailey |       0 |    3120 | 100.0 |       0 |      38 | 100.0
            +---------+---------+-------+---------+---------+-------
